Zazza, neutral female human Tourist ------------ #-........<.| #|...........##### #------------ # ------------- ### ### |[.........)+ # # #|.....(.....| # ####|...-----...| # ##|...|.{.|...| # ##...[|{.{|+.ML#@o --------# ----- #|...|.{ |...| |......|# ##-...| |...-.---...| |......|# # |...| |.....?.....| |.......# ### |..^- |).........[| |......| # ----- ------------- |[.....-######## |......| -------- Zazza the Rambler Experience level: 1 Strength: 9 Dexterity: 10 Constitution: 18 Intelligence: 12 Wisdom: 8 Charisma: 18 Health: 0(10) Energy: 2(2) Def: 1 Gold: 0 Moves: 2314 Dungeon seed: B1aOqgvl_6PjTQZj Game ID: Zazza_1618759926 Your Inventory: Amulets m - an uncursed amulet versus poison (being worn) Weapons a - 32 +2 darts (in quiver) s - a +0 bec de corbin x - a +0 dagger (weapon in hand) Armor e - an uncursed +0 Hawaiian shirt (being worn) r - an uncursed +0 pair of leather gloves (being worn) Comestibles c - 7 uncursed food rations d - an uncursed egg g - an uncursed pear v - 2 uncursed eucalyptus leaves A - an uncursed egg Scrolls j - 3 uncursed scrolls of magic mapping p - an uncursed scroll of identify q - a blessed scroll of confuse monster Spellbooks o - an uncursed spellbook of sleep D - an uncursed spellbook of remove curse Potions i - 2 uncursed potions of extra healing t - an uncursed potion of gain level Rings n - a cursed +1 ring of gain strength Tools k - an expensive camera (0:92) l - an uncursed credit card E - an uncursed sack Gems y - an uncursed chrysoberyl stone N - an uncursed worthless piece of violet glass Contents of the sack: 407 gold pieces Spells and supernatural/magical abilities: Name Level Category Fail Memory r - remove curse 3 clerical 100% 99% z - sleep 1 enchantment 24% 89% W - pray for help -- divine ? -- Your skills at the end: Fighting Skills Weapon Skills dart [Basic] Spellcasting Skills Final Attributes: You had strayed. You were poison resistant. You were hallucinating. You are dead. Vanquished creatures: a kobold lord a gas spore a hobbit a green mold a red mold 2 geckos 13 jackals a fox 2 goblins 5 sewer rats 6 grid bugs a bat 7 lichens a kobold zombie 4 newts and a partridge in a pear tree 47 creatures vanquished. Voluntary challenges: You had been an atheist until turn 2312. You used a wielded weapon 3 times, starting on turn 1381. You read items or engraved 14 times, starting on turn 98. You never genocided any monsters. You never polymorphed an object. You never changed form. You used no wishes. You never split a pudding. You never wrote Elbereth's name. You violated your moral code, losing 3 points of alignment, starting on turn 1453. Dungeon overview: The Dungeons of Doom: levels 1 to 5 Level 1 a fountain a long staircase Level 2 a fountain stairs to The Gnomish Mines Level 3 a fountain Level 4 a fountain Level 5 <- You were here many fountains The Gnomish Mines: Level 3 stairs to The Dungeons of Doom History has recorded: On T:1 you entered the Dungeons of Doom to retrieve the Amulet of Yendor! On T:679 you reached level 2 of The Dungeons of Doom. On T:973 you reached level 1 of The Gnomish Mines. On T:1104 you reached level 3 of The Dungeons of Doom. On T:1438 you reached level 4 of The Dungeons of Doom. On T:2020 you reached level 5 of The Dungeons of Doom. Score breakdown: Gold: 350 ( 8658 points) Experience: 1 level ( 0 points) Exploration: 5 levels ( 10.42%) ( 8751 points) Discoveries: 3 items ( 1.01%) ( 3010 points) Valuables value: (no points given unless you survive) Artifact value: 0 ( 0 points) Variety of kills: 15 monsters ( 3.94%) ( 5952 points) Turncount: 2314 turns ( -216 points) Survival: died (score multiplied by 80%) Total score: 20924 Latest messages: You write in the dust with your fingers. The baby yellow dragon bites! You get zapped! Something is written here in the dust. You read: "Elbere;i". You see no objects here. You wipe out the message that was written in the dust here. You write in the dust with your fingers. The black light bites! You get zapped! You begin praying to The Lady. The fire vortex bites! You get zapped! The youma bites! You get zapped! The green slime bites! You get zapped! You die... Final status: Aloha Zazza the Tourist, killed by a hallucinogen-distorted grid bug, while praying... You died in The Dungeons of Doom on dungeon level 5 with 20924 points, and 407 pieces of gold, after 2314 moves. You were level 1 with a maximum of 10 hit points when you died.